 Dungeon Crawl Stone Soup version 0.27.1-1-g398f81649c (webtiles) character file.

Game seed: 11397560079914281140

6 Descartes the Vexing (level 1, 0/9 HPs)
             Began as a Spriggan Wanderer on Sept 15, 2021.
             Slain by a kobold (3 damage)
             ... on level 1 of the Dungeon.
             The game lasted 00:01:41 (594 turns).

Descartes the Vexing (Spriggan Wanderer)             Turns: 594, Time: 00:01:42

Health: 0/9        AC:  2    Str:  6    XL:     1   Next: 75%
Magic:  4/4        EV: 16    Int: 14    God:
Gold:   0          SH:  0    Dex: 15    Spells: 3/3 levels left

rFire    . . .     SeeInvis +   a - +0 dagger
rCold    . . .     Faith    .   (shield restricted)
rNeg     . . .     Spirit   .   b - +0 robe
rPois    .         Reflect  .   (helmet restricted)
rElec    .         Harm     .   (no cloak)
rCorr    .         Rampage  .   (gloves unavailable)
Will     .....                  (boots unavailable)
Stlth    ++........             (no amulet)
HPRegen  0.03/turn              (no ring)
MPRegen  0.09/turn              (no ring)

@: very quick
A: very small, no large weapons, unfitting armour, see invisible, speed 3
a: no special abilities


You were on level 1 of the Dungeon.
You visited 1 branch of the dungeon, and saw 1 of its levels.

Inventory:

Hand Weapons
 a - a +0 dagger (weapon)
 d - a +2 vampiric spear
Armour
 b - a +0 robe (worn)
Scrolls
 c - a scroll of teleportation


   Skills:
 + Level 0.5 Short Blades
 - Level 1.0 Throwing
 + Level 0.7 Dodging
 + Level 1.0 Stealth
 + Level 1.6 Spellcasting
 - Level 6.0 Hexes
 - Level 1.7 Earth Magic
 - Level 1.3 Evocations


You had 3 spell levels left.
You didn't know any spells.
Your spell library contained the following spells:

 Spells                   Type           Power      Damage    Failure   Level
 Corona                   Hex            20%        N/A       1%          1
 Confusing Touch          Hex            18%        N/A       6%          3
 Tukima's Dance           Hex            18%        N/A       6%          3
 Ensorcelled Hibernation  Hex/Ice        18%        N/A       11%         2
 Dazzling Flash           Conj/Hex       18%        N/A       22%         3
 Apportation              Tloc           2%         N/A       26%         1
 Lesser Beckoning         Tloc           0%         N/A       58%         3


Dungeon Overview and Level Annotations

Branches:
Dungeon (1/15)

Altars:

Shops:
D:1 !


Innate Abilities, Weirdness & Mutations

You are very small and have problems with some larger weapons.
You are too small for most types of armour.
You have supernaturally acute eyesight. (SInv)
You cover ground extremely quickly. (Speed+++)


Message History

You hit the endoplasm.
You kill the endoplasm!
Magic restored.
Things that are here:
a +0 dagger; a goblin skeleton A rat comes into view.
Found Faczewki's Distillery.
You see here 3 gold pieces.
You see here a +2 vampiric spear.
d - a +2 vampiric spear A kobold comes into view.
It is wielding a +0 club.
The rat barely misses you.
You hit the rat.
You kill the rat!
The kobold shouts!
Your Stealth skill increases to level 1!
You see here a rat corpse.
Found a scroll labelled GIZAWEITOSCH.
You barely miss the kobold. The kobold closely misses you.
You miss the kobold. The kobold hits you with a +0 club.
You closely miss the kobold. The kobold misses you.
You closely miss the kobold. The kobold hits you but does no damage.
You hit the kobold but do no damage. The kobold barely misses you.
You hit the kobold but do no damage. The kobold misses you.
You hit the kobold but do no damage. The kobold closely misses you.
You closely miss the kobold. The kobold barely misses you.
You hit the kobold but do no damage. The kobold hits you with a +0 club.
You hit the kobold but do no damage. The kobold hits you with a +0 club.
You are too injured to fight recklessly!
You hit the kobold but do no damage. The kobold completely misses you.
Found a scroll labelled TEUQIZANNO.
There is an open door here.
You close the door.
A kobold opens the door.
It is wielding a +0 club.
The kobold hits you with a +0 club.
There is an open door here.
You hit the kobold.
The kobold is moderately wounded.
The kobold hits you with a +0 club.
You die...

#######.....#.......
#.#..........
#.####.....# #.#
#... #.# ### #.# #.#
##K## ###8@8###
##≈≈≈.≈≈≈##
##≈≈≈.P.≈≈≈##
##≈≈P..8..P≈≈##
#≈≈≈.......≈≈≈#
#≈P.8..<..8.P≈#
#≈≈≈.......≈≈≈#
##≈≈P..8..P≈≈##
##≈≈≈.P.≈≈≈##


You could see a kobold.

Vanquished Creatures
  2 endoplasms (D:1)
  A giant cockroach (D:1)
  A goblin (D:1)
  A rat (D:1)
5 creatures vanquished.

Notes
Turn   | Place    | Note
-------+----------+-------------------------------------------
     0 | D:1      | Descartes the Spriggan Wanderer began the quest for the
                  | Orb.
     0 | D:1      | Descartes set off with the following items: a +0 dagger, a
                  | +0 robe, a scroll of teleportation; and the following
                  | spells available to memorise: Corona, Ensorcelled
                  | Hibernation, Apportation, Confusing Touch, Tukima's Dance,
                  | Dazzling Flash, Lesser Beckoning
     0 | D:1      | Reached XP level 1. HP: 9/9 MP: 3/3
   520 | D:1      | Found Faczewki's Distillery.
   529 | D:1      | Reached skill level 1 in Stealth
   594 | D:1      | Slain by a kobold

Illustrated notes

Levels and vault maps discovered:
D:1:      lightli_arrival_statuegarden, layout_basic, serial_shops, shop,
          shapermc_ecumenical_altar_mp_vishouse, hangedman_decor_riveting,
          kennysheep_decorative_pillar, minmay_shallow_snake_nest

Skill      XL: |  1 |
---------------+----+-----
Stealth        | 1 |  1.0
Short Blades   | |  0.5
Throwing       | |  1.0
Dodging        | |  0.7
Spellcasting   | |  1.6
Hexes          | |  6.0
Earth Magic    | |  1.7
Evocations     | |  1.3

Action                   || total
-------------------------++-------
Melee: Dagger            ||    33
Armor: Robe              ||     3
Dodge: Dodged            ||    20
